 Dungeon Crawl Stone Soup version 0.19.5 (webtiles) character file.

182 zxcde90 the Conjurer (level 5, 0/28 HPs)
             Began as a Deep Elf Conjurer on Apr 24, 2017.
             Killed by divine providence
             ... invoked by an orc priest
              (10 damage)
             ... on level 3 of the Dungeon.
             The game lasted 00:04:08 (2595 turns).

zxcde90 the Conjurer (Deep Elf Conjurer)            Turns: 2595, Time: 00:04:09

Health: 0/28       AC:  3    Str:  5    XL:     5   Next: 35%
Magic:  0/13       EV: 13    Int: 21    God:
Gold:   159        SH:  0    Dex: 15    Spells: 2 memorised, 9 levels left

rFire  . . .     SeeInvis .     s - +0 hand axe (flame)
rCold  . . .     Gourm    .     a - +0 robe
rNeg   . . .     Faith    .     (no shield)
rPois  .         Spirit   .     p - +0 helmet
rElec  .         Reflect  .     (no cloak)
rCorr  .         Harm     .     (no gloves)
MR     .....                    (no boots)
Stlth  ++........               (no amulet)
                                (no ring)
                                e - ring of flight

@: very slightly contaminated
A: no striking features
a: Evoke Flight


You were on level 3 of the Dungeon.
You were not hungry.

You visited 1 branch of the dungeon, and saw 3 of its levels.

You collected 159 gold pieces.

Inventory:

Hand Weapons
 g - a +0 mace
 s - a +0 hand axe of flaming (weapon)
Armour
 a - a +0 robe (worn)
 p - a +0 helmet (worn)
Jewellery
 e - a ring of flight (left hand)
Scrolls
 m - 2 scrolls of remove curse {unknown}
Potions
 d - a potion of might {unknown}
 f - a potion of ambrosia {unknown}
 j - 3 potions of heal wounds {unknown}
 k - a potion of berserk rage {unknown}
 l - 2 potions of beneficial mutation {unknown}
 n - 2 potions of mutation {unknown}
 o - 2 potions of invisibility {unknown}
 q - a potion of curing {unknown}
 r - a potion of lignification {unknown}
 u - a potion of resistance {unknown}
Books
 b - a book of Conjurations

   Spells                             Type                      Level
   a - Magic Dart                     Conjuration                  1
   b - Searing Ray                    Conjuration                  2
   c - Dazzling Spray                 Conjuration/Hexes            3
   d - Fulminant Prism                Conjuration/Hexes            4
   e - Iskenderun's Mystic Blast      Conjuration                  4
   f - Iskenderun's Battlesphere      Conjuration/Charms           5
Comestibles
 c - 2 bread rations
 h - a beef jerky
 i - a slice of pizza
 t - a meat ration


   Skills:
 - Level 2.4 Dodging
 - Level 2.4 Stealth
 + Level 4.5 Spellcasting
 * Level 6.7 Conjurations


You had 9 spell levels left.
You knew the following spells:

 Your Spells              Type           Power        Failure   Level  Hunger
a - Magic Dart            Conj           ####         1%          1    None
b - Dazzling Spray        Conj/Hex       ###...       10%         3    ##.....


Dungeon Overview and Level Annotations

Branches:
Dungeon (3/15)

Altars:
Ashenzari
Cheibriados
Elyvilon


Message History

Aim: an orc priest, wielding a dagger and wearing a chain mail (almost dead)
The magic dart hits the orc priest.
The orc priest is almost dead.
The orc priest barely misses you.
Casting: Magic Dart
Confirm with . or Enter, or press ? or * to list all spells.
Aiming: Magic Dart
Press: ? - help, Shift-Dir - straight line, f/p - orc priest
Aim: an orc priest, wielding a dagger and wearing a chain mail (almost dead)
The magic dart hits the orc priest.
The orc priest is almost dead.
The orc priest hits you with a dagger.
You hit the orc priest but do no damage.
The orc priest is almost dead.
The orc priest hits you with a dagger.
You barely miss the orc priest.
The orc priest is almost dead.
The orc priest mumbles some strange prayers to Beogh against you.
Beogh smites you!
You die...

#.# #.############
#.....oo.....#
###########o## #.# #o#
#.# ###########.##
####### #.....@o.....#
###.....###.############
..'.....'...#.....#
..#.....##..#.###.#
..#.....##..#...#.#
..########..#.###.# ..#
#........# ..#
#.##.##### ..######
#.##.#


You could see an orc priest.

Vanquished Creatures
  Natasha (thrice) (D:2)
  Robin (D:2)
  2 adders (D:2)
  3 worms (D:2)
  A dart slug (D:3)
  A leopard gecko (D:2)
  4 orcs (D:3)
  A giant cockroach (D:1)
  9 goblins
  10 hobgoblins
  7 jackals
  3 kobolds (D:1)
  A quokka (D:2)
  A ball python (D:1)
  5 bats
  5 frilled lizards
  5 rats
62 creatures vanquished.

Notes
Turn   | Place    | Note
-------+----------+-------------------------------------------
     0 | D:1      | zxcde90 the Deep Elf Conjurer began the quest for the Orb.
     0 | D:1      | Reached XP level 1. HP: 10/10 MP: 6/6
   279 | D:1      | Reached XP level 2. HP: 15/15 MP: 4/8
   407 | D:1      | Reached skill level 5 in Conjurations
   915 | D:2      | Reached XP level 3. HP: 19/19 MP: 4/9
  1104 | D:2      | Learned a level 3 spell: Dazzling Spray
  1429 | D:2      | Noticed Robin
  1582 | D:2      | Killed Robin
  1630 | D:2      | Reached XP level 4. HP: 24/24 MP: 3/11
  1935 | D:2      | Noticed Natasha
  1940 | D:2      | Killed Natasha
  1940 | D:2      | Reached skill level 6 in Conjurations
  2012 | D:2      | Noticed Natasha
  2014 | D:2      | Killed Natasha
  2041 | D:2      | Noticed Natasha
  2044 | D:2      | Killed Natasha
  2044 | D:2      | Reached XP level 5. HP: 28/28 MP: 4/13
  2124 | D:2      | Found a snail-covered altar of Cheibriados.
  2125 | D:2      | Found a white marble altar of Elyvilon.
  2290 | D:3      | Found a shattered altar of Ashenzari.
  2595 | D:3      | Killed from afar by an orc priest

Skill      XL: |  1  2  3  4 |
---------------+-------------+-----
Conjurations   | 5 6 |  6.7
Spellcasting   | 4 |  4.5
Dodging        | |  2.4
Stealth        | |  2.4

Action                   |  1- 3 |  4- 6 || total
-------------------------+-------+-------++-------
Melee: Mace              |       |     8 ||     8
       Hand axe          |       |     2 ||     2
 Cast: Magic Dart        |    88 |    45 ||   133
       Dazzling Spray    |     1 |     2 ||     3
  Eat: Chunk             |     2 |     3 ||     5
Armor: Robe              |       |     3 ||     3
Dodge: Dodged            |     5 |    18 ||    23
